 Dungeon Crawl Stone Soup version 0.25-a0-1118-g1a081956a1 (webtiles) character file.

Game seed: 409690865501320463, levelgen mode: deterministic

162 Gynju the Chiller (level 5, 0/35 HPs)
             Began as a Merfolk Ice Elementalist on May 17, 2020.
             Slain by an orc priest
             ... wielding a +0 trident of protection
              (8 damage)
             ... on level 3 of the Dungeon.
             The game lasted 00:04:59 (3549 turns).

Gynju the Chiller (Merfolk Ice Elementalist)        Turns: 3549, Time: 00:04:59

Health: 0/35       AC:  5    Str: 10    XL:     5   Next: 43%
Magic:  6/9        EV: 13    Int: 14    God:
Gold:   124        SH:  0    Dex: 14    Spells: 6/10 levels left

rFire    . . .     SeeInvis .   u - +0 war axe
rCold    . . .     Gourm    .   (no shield)
rNeg     . . .     Faith    .   v - +0 leather armour
rPois    .         Spirit   .   (no helmet)
rElec    .         Reflect  .   p - +0 cloak
rCorr    +         Harm     .   (no gloves)
MR       .....                  l - +0 pair of boots
Stlth    ++........             q - amulet of magic regeneration
HPRegen  0.11/turn              s - ring of resist corrosion
MPRegen  0.36/turn              (no ring)

@: frozen ramparts
A: change form in water, swift swim, stealthy swim
a: no special abilities


You were on level 3 of the Dungeon.
You were hungry.

You visited 1 branch of the dungeon, and saw 3 of its levels.

You collected 124 gold pieces.

Inventory:

Hand Weapons
 u - a +0 war axe (weapon)
Missiles
 a - 5 poisoned darts (quivered)
Armour
 l - a +0 pair of boots (worn)
 p - a +0 cloak (worn)
 v - a +0 leather armour (worn)
Jewellery
 q - an amulet of magic regeneration (around neck)
 s - a ring of resist corrosion (left hand)
Scrolls
 b - a scroll of remove curse {unknown}
 e - a scroll of enchant armour {unknown}
 h - 7 scrolls of teleportation {unknown}
 r - 3 scrolls of amnesia {unknown}
 t - 4 scrolls of identify {unknown}
Potions
 d - a potion of heal wounds {unknown}
 g - 3 potions of stabbing {unknown}
 i - a potion of magic {unknown}
 k - a potion of berserk rage {unknown}
 m - 2 potions of haste {unknown}
 n - a potion of curing {unknown}
 o - a potion of degeneration {unknown}
Comestibles
 c - 6 rations


   Skills:
 + Level 4.3 Dodging
 + Level 3.7 Stealth
 + Level 3.1 Spellcasting
 + Level 5.0 Ice Magic


You had 6 spell levels left.
You knew the following spells:

 Your Spells              Type           Power        Failure   Level  Hunger
a - Freeze                Ice            ###.         3%          1    #......
b - Frozen Ramparts       Ice            ###...       11%         3    ###....

Your spell library contained the following spells:

 Spells                   Type           Power        Failure   Level  Hunger
 Ozocubu's Armour         Chrm/Ice       #.......     30%         3    ###....
 Hailstorm                Conj/Ice       #.......     71%         4    #####..
 Summon Ice Beast         Ice/Summ       #.......     71%         4    #####..


Dungeon Overview and Level Annotations

Branches:
Dungeon (3/15)

Altars:
Dithmenos
Fedhas
Makhleb
Yredelemnul

Annotations:
D:3 Ijyb


Message History

The magic dart hits you. The orc priest closely misses you.
Ijyb zaps a wand.
Some rock shatters into small pieces.
The orc hits you from afar with a +0 trident.
The orc priest hits you with a +0 trident of protection.
The orc wizard hits you with a +0 dagger.
You are too injured to fight recklessly!
Casting: Frozen Ramparts (quite dangerous; 11% risk of failure)
Confirm with . or Enter, or press ? or * to list all spells.
The spell is quite dangerous to cast (11% risk of failure)!
Continue anyway? [Y]es or [N]o only, please.
The spell is quite dangerous to cast (11% risk of failure)!
Continue anyway? [Y]es or [N]o only, please.
The spell is quite dangerous to cast (11% risk of failure)!
Continue anyway?
The walls around you are covered in ice.
The orc priest completely misses you.
The orc hits you from afar with a +0 trident.
* * * LOW HITPOINT WARNING * * *
The wall freezes the orc priest.
The orc priest hits you with a +0 trident of protection!
You die...

##... ..?..# # ยง..#.# #.#.
o... .#. ...# .... # #..##
#....###o..# ###.#....o.o%##
#...#.####oo..#..
##........@og.....
#######....##.###.##.......g...
#.........#...# ## ....g......
##....#.### .#$......>##
#..##.#.# . ........# #.#
#.###.#.# ..........# ..#
#.###...# ..........#
#####.##...## ..........#
..##..##..## #...........


You could see Ijyb, 2 orc priests, an orc wizard and 2 orcs.

Vanquished Creatures
  A hound (D:2)
  4 adders (D:2)
  2 oozes (D:2)
  3 dart slugs
  A leopard gecko (D:3)
  7 orcs (D:3)
  6 giant cockroaches
  9 goblins
  4 hobgoblins
  6 jackals (D:2)
  8 kobolds
  8 bats
  5 frilled lizards
  A giant cockroach zombie (D:2)
  8 rats
73 creatures vanquished.

Notes
Turn   | Place    | Note
-------+----------+-------------------------------------------
     0 | D:1      | Gynju the Merfolk Ice Elementalist began the quest for the
                  | Orb.
     0 | D:1      | Reached XP level 1. HP: 13/13 MP: 3/3
   419 | D:1      | Reached XP level 2. HP: 5/19 MP: 0/5
   939 | D:1      | Reached XP level 3. HP: 24/24 MP: 6/6
  1583 | D:2      | Learned a level 3 spell: Frozen Ramparts
  1688 | D:2      | Found a blossoming altar of Fedhas.
  1838 | D:2      | Reached XP level 4. HP: 30/30 MP: 1/8
  1839 | D:2      | Found a burning altar of Makhleb.
  1935 | D:2      | Reached skill level 5 in Ice Magic
  2030 | D:2      | Found a shadowy altar of Dithmenos.
  2114 | D:2      | Reached XP level 5. HP: 35/35 MP: 4/9
  2606 | D:2      | Found a basalt altar of Yredelemnul.
  3422 | D:3      | Noticed Ijyb
  3549 | D:3      | Slain by an orc priest

Illustrated notes

Levels and vault maps discovered:
D:1:      dpeg_arrival_chambers_temple_mockup, layout_loops_ring
D:2:      layout_loops_cross, lemuel_round_altar, lemuel_round_altar,
          makhleb_heckhound_becter, first_ration,
          nicolae_dithmenos_shadow_blocks
D:3:      layout_rooms, roderic_lattice_a, hangedman_decor_opposing, uniq_ijyb

Skill      XL: |  1  2  3  4  5 |
---------------+----------------+-----
Dodging        | 3 4 |  4.3
Stealth        | 3 |  3.7
Ice Magic      | 5 |  5.0
Spellcasting   | 3 |  3.1

Action                   |  1- 3 |  4- 6 || total
-------------------------+-------+-------++-------
Melee: Dagger            |    40 |    23 ||    63
       Unarmed           |     2 |       ||     2
       War axe           |       |    10 ||    10
 Cast: Freeze            |    42 |    48 ||    90
       Frozen Ramparts   |       |     5 ||     5
 Stab: Sleeping          |     7 |     5 ||    12
  Eat: Chunk             |     3 |     6 ||     9
Armor: Robe              |     7 |    11 ||    18
       Leather armour    |       |     3 ||     3
Dodge: Dodged            |    53 |    67 ||   120

Table legend:
 A = Non-vault XP
 B = Vault XP
 C = Vault XP percentage of total XP
 D = Non-vault monster count
 E = Vault monster count
 F = Vault count percentage of total count
                 A         B        C        D         E       F
            +---------+---------+-------+---------+---------+-------
      Total |     186 |      46 |  19.8 |      72 |       1 |   1.4
            +---------+---------+-------+---------+---------+-------
        D:1 |      44 |       0 |   0.0 |      27 |       0 |   0.0
        D:2 |     107 |      46 |  30.1 |      29 |       1 |   3.3
        D:3 |      35 |       0 |   0.0 |      16 |       0 |   0.0
            +---------+---------+-------+---------+---------+-------
